 Dungeon Crawl Stone Soup version 0.30-a0-34-gbe8da3892a (webtiles) character file.

Game seed: 15517086334160420279

63 frimble the Gusty (level 3, 0/24 HPs)
             Began as a Demonspawn Air Elementalist on Aug 27, 2022.
             Slain by a goblin
             ... wielding a +0 dagger
             ... led by Robin
              (1 damage)
             ... on level 2 of the Dungeon.
             The game lasted 00:01:47 (1225 turns).

frimble the Gusty (Demonspawn Air Elementalist)     Turns: 1225, Time: 00:01:48

Health: 0/24       AC:  3    Str:  8    XL:     3   Next: 87%
Magic:  6/6        EV: 12    Int: 16    God:
Gold:   17         SH:  0    Dex: 15    Spells: 5/6 levels left

rFire   + . .      SeeInvis .    g - +2 dagger (drain)
rCold   . . .      Faith    .    (no shield)
rNeg    + . .      Spirit   .    a - +1 robe
rPois   .          Reflect  .    (no helmet)
rElec   .          Harm     .    (no cloak)
rCorr   .          Rampage  .    (no gloves)
Will    .....                    (no boots)
Stlth   ++........               (no amulet)
HPRegen 0.08/turn                f - ring of protection from fire
MPRegen 0.20/turn                h - ring of positive energy

@: no status effects
A: spiny 1, magic regeneration
a: no special abilities


You were on level 2 of the Dungeon.
You visited 1 branch of the dungeon, and saw 2 of its levels.

You collected 17 gold pieces.

Inventory:

Hand Weapons
 d - a +0 quarterstaff
 g - a +2 dagger of draining (weapon)
Armour
 a - a +1 robe (worn)
Jewellery
 f - a ring of protection from fire (left hand)
 h - a ring of positive energy (right hand)
Wands
 l - a wand of quicksilver (5)
Scrolls
 e - a scroll of amnesia {unknown}
 k - 2 scrolls of fear {unknown}
Potions
 b - a potion of magic
 c - a potion of might {unknown}
 i - a potion of berserk rage {unknown}
 j - a potion of cancellation {unknown}


   Skills:
 + Level 2.0 Short Blades
 - Level 1.1 Staves
 - Level 1.7 Dodging
 - Level 1.7 Stealth
 - Level 2.0 Spellcasting
 - Level 2.3 Conjurations
 - Level 2.6 Air Magic


You had 5 spell levels left.
You knew the following spells:

 Your Spells              Type           Power      Damage    Failure   Level
a - Shock                 Conj/Air       36%        1d5       8%          1

Your spell library contained the following spells:

 Spells                   Type           Power      Damage    Failure   Level
 Static Discharge         Conj/Air       18%        3-5/arc   11%         2
 Swiftness                Air            10%        N/A       21%         3
 Dazzling Flash           Conj/Hex       10%        N/A       36%         3
 Airstrike                Air            5%         2d(1-17)  56%         4
 Iskenderun's Mystic Bla  Conj/Tloc      5%         2d3       78%         4
 Starburst                Conj/Fire      2%         6d3       100%        6


Dungeon Overview and Level Annotations

Branches:
Dungeon (2/15)

Altars:

Annotations:
D:2 Robin


Innate Abilities, Weirdness & Mutations

You are partially covered in sharp spines.
You regenerate magic rapidly.


Message History

Found 2 gold pieces.
Robin throws the goblin at you! The goblin hits you but does no damage.
The adder attacks as you move away! The adder is struck by your spines.
The adder barely misses you.
The hobgoblin shouts!
You hit the adder. You drain the adder.
The adder is severely wounded.
The adder is struck by your spines. The adder bites you but does no damage.
The adder bites you.
The goblin shouts!
You hit the adder.
You kill the adder!
Your Short Blades skill increases to level 2!
You aren't carrying any items that you can evoke.
The hobgoblin no longer looks unusually strong.
Robin roars a battlecry!
The hobgoblin goes into a battle-frenzy!
You hit the goblin.
The goblin is severely wounded.
The goblin closely misses you. The rat barely misses you.
The goblin hits you with a +0 dagger.
* * * LOW HITPOINT WARNING * * *
You closely miss the goblin.
The goblin is severely wounded.
Robin roars a battlecry!
The goblin barely misses you. The rat is struck by your spines.
The rat barely misses you. The goblin attacks as you move away!
The goblin misses you.
The goblin no longer looks unusually strong.
The goblin closely misses you.
Robin roars a battlecry!
The goblin goes into a battle-frenzy!
The goblin is struck by your spines.
You kill the goblin!
You see here a wand of quicksilver (5).
l - a wand of quicksilver (5)
The hobgoblin is struck by your spines. The hobgoblin hits you.
* * * LOW HITPOINT WARNING * * *
The goblin hits you with a +0 dagger.
You die...

.. $. ..# #.. .##.##..##
#.. .. .....# #.. ####.
#.##.## ####..
#....##.##..####. ......
##.#....g†g....... ###..
#....#)..#g..######## #..
#.)†gg#g.........# #..
#.#ggg@g..#...##.# ##.
........r..###....#####.
.....#...........#..#.....
#.......#....#..†..#....###
#.g..#....##.#.....###....#
........#..#...............
.......#....#......###.##.
.... #.##.............#.
###.......##....


You could see Robin, 2 hobgoblins, 7 goblins and a rat.

Vanquished Creatures
  3 adders (D:2)
  A worm (D:2)
  A dart slug (D:2)
  3 ball pythons (D:1)
  5 endoplasms (D:1)
  3 hobgoblins
  2 kobolds
  A quokka (D:1)
  3 bats (D:1)
  5 goblins
  4 rats (D:1)
31 creatures vanquished.

Notes
Turn   | Place    | Note
-------+----------+-------------------------------------------
     0 | D:1      | frimble the Demonspawn Air Elementalist began the quest for
                  | the Orb.
     0 | D:1      | Reached XP level 1. HP: 13/13 MP: 3/3
   364 | D:1      | Gained mutation: You are partially covered in sharp spines.
                  | [demonic ancestry]
   364 | D:1      | Reached XP level 2. HP: 3/19 MP: 5/5
   826 | D:1      | Reached skill level 1 in Staves
  1125 | D:2      | Gained mutation: You regenerate magic rapidly. [demonic
                  | ancestry]
  1125 | D:2      | Reached XP level 3. HP: 24/24 MP: 6/6
  1131 | D:2      | Reached skill level 1 in Short Blades
  1208 | D:2      | Noticed Robin
  1225 | D:2      | HP: 1/24 [hobgoblin[Robin] (5)]
  1225 | D:2      | Slain by a goblin

Illustrated notes

Levels and vault maps discovered:
D:1:      lemuel_arrival_muddy, layout_basic
D:2:      layout_rooms, minmay_misc_feat_diagonals, uniq_robin

Skill      XL: |  1  2  3 |
---------------+----------+-----
Conjurations   | 2 |  2.3
Staves         | 1 |  1.1
Short Blades   | 2 |  2.0
Dodging        | |  1.7
Stealth        | |  1.7
Spellcasting   | |  2.0
Air Magic      | |  2.6

Action                   || total
-------------------------++-------
Melee: Unarmed           ||    12
       Quarterstaff      ||    30
       Dagger            ||    17
 Cast: Shock             ||     6
  Use: Scroll            ||     2
 Stab: Sleeping          ||     2
Armor: Robe              ||    10
Dodge: Dodged            ||    50

Table legend: (Time is in decaauts)
 A = Elapsed time spent in this place.
 B = Non-inter-level travel time spent in this place.
 C = Inter-level travel time spent in this place.
 D = Time resting spent in this place.
 E = Time spent auto-exploring this place.
 F = Levels seen in this place.
 G = Mean time per level.
                   A        B        C        D        E       F      G
               +--------+--------+--------+--------+--------+-----+--------+
         Total |   1231 |   1223 |      8 |      0 |   1036 |   2 |  615.5 |
       Dungeon |   1231 |   1223 |      8 |      0 |   1036 |   2 |  615.5 |
               +--------+--------+--------+--------+--------+-----+--------+

Top non-repeatable levels by time:
     D:1: 1030 daAuts
     D:2: 200 daAuts
